[Event "Dutch Open 2022"]
[Site "Dieren"]
[Date "2022.08.02"]
[Round "7.7"]
[White "Stillger, Bernhard"]
[Black "Mollema, Thomas"]
[Result "1-0"]
[ECO "D32"]
[WhiteElo "2245"]
[BlackElo "2235"]
[Annotator "TA"]
[PlyCount "107"]
[EventDate "2022.07.14"]
[EventType "swiss"]
[EventCountry "NED"]
[SourceTitle "playchess.com"]
[Source "ChessBase"]
[SourceQuality "1"]
[TimeControl "40/5400+30:1800+30"]

1. d4 d5 2. c4 e6 3. Nf3 c5 4. cxd5 exd5 5. Nc3 Nc6 6. dxc5 d4 7. Na4 $1 Bxc5 {[%emt 0:01:58][%mdl 64] [#] Decoy. D32: Tarrasch Defence: Sidelines and lines without g3.} 8. Nxc5 {[%emt 0:00:17] Strongly threatening Nb3.} Qa5+ 9. Bd2 Qxc5 {[%emt 0:00:03] The position is equal.} 10. Rc1 Qb6 11. e3 Nf6 12. Bc4 O-O 13. O-O Ne4 {[%emt 0:11:09] [#]} (13... Be6 $11 {keeps the balance.}) 14. Nxd4 $146 ({Predecessor:} 14. exd4 Nxd2 15. Qxd2 Bg4 16. Ne5 Nxe5 17. dxe5 Rad8 18. Qc3 Rc8 19. Qb3 Qc7 20. h3 {1-0 (68) Thorsbro,P (2250)-Karlsson,U (2026) Ballerup 2016}) 14... Qxb2 15. Rc2 Qb6 16. Nxc6 bxc6 17. Qf3 Nxd2 18. Rxd2 Ba6 19. Bxa6 Qxa6 20. Rc1 Rac8 21. g3 Qa5 22. Rdc2 h6 23. Kg2 Rfd8 24. Qf4 Rd2 25. Qe4 c5 (25... Rxc2 $11 {remains equal.} 26. Rxc2 c5) 26. Qf5 $16 Rcd8 27. Rxd2 ({Of course not} 27. Qxc5 Qxc5 28. Rxc5 Rxa2 $11) 27... Qxd2 28. Rxc5 Qxa2 {[%emt 0:00:00][%mdl 4096] Endgame KQR-KQR} 29. Ra5 Qc4 30. Rxa7 Re8 31. Rd7 Qc6+ 32. Qd5 Qf6 33. h4 g6 (33... Re5 $16 {was necessary.} 34. Qc4 g6 35. Qc8+ Kg7) 34. Rd6 $18 Qg7 35. h5 $36 {[%emt 0:01:51][%mdl 2048] White is really pushing. White is more active.} gxh5 {[%emt 0:01:25][%mdl 8192] [#] Black cannot hold the game after this.} (35... Re5 $16 36. Qa8+ Kh7) 36. Qxh5 Re5 37. Qxh6 Qxh6 38. Rxh6 {[%emt 0:00:04] KR-KR} Kg7 39. Rd6 Ra5 40. f4 Ra2+ 41. Kf3 Ra4 42. g4 Ra1 43. g5 Ra5 44. e4 Rb5 45. e5 Rb4 46. Kg4 Ra4 47. Kf5 Kh7 48. Rd7 Kg8 49. g6 fxg6+ 50. Kxg6 Rxf4 {[%emt 0:00:31] White mates.} 51. Rd8+ Rf8 52. Rxf8+ Kxf8 53. Kf6 Ke8 54. Ke6 {[%emt 0:00:05] Weighted Error Value: White=0.04 (flawless) /Black=0.14 (very precise)} 1-0

[Event "Dutch Open 2022"]
[Site "Dieren"]
[Date "2022.08.02"]
[Round "7.8"]
[White "Achuthan, Dylan"]
[Black "Burdalev, Kirill"]
[Result "0-1"]
[ECO "A07"]
[WhiteElo "1989"]
[BlackElo "2381"]
[Annotator "RC"]
[PlyCount "116"]
[EventDate "2022.07.14"]
[EventType "swiss"]
[EventCountry "NED"]
[SourceTitle "playchess.com"]
[Source "ChessBase"]
[SourceQuality "1"]
[TimeControl "40/5400+30:1800+30"]

1. Nf3 d5 2. g3 c6 3. Bg2 Bg4 4. d4 Nd7 5. O-O e6 6. Nbd2 Bd6 7. e4 Ne7 8. e5 Bc7 9. h3 Bh5 10. g4 Bg6 11. Nh4 c5 12. Nxg6 Nxg6 13. f4 cxd4 14. Nf3 h5 15. gxh5 Nh4 16. Nxd4 Bb6 17. Be3 Nxg2 18. Kxg2 Qh4 19. Qg4 Qxh5 20. Rae1 Bxd4 21. Bxd4 g6 22. Re3 Nb8 23. Ra3 Nc6 24. c3 Kd7 25. Rf3 a6 26. Bc5 Qxg4+ 27. hxg4 Rh4 28. Bf2 Rh7 29. Rb3 b5 30. a4 Na5 31. Rb4 Kc6 32. b3 Rah8 33. Bg1 Rh4 34. f5 gxf5 35. gxf5 Rg8+ 36. Kf2 Rh5 37. axb5+ axb5 38. fxe6 fxe6 39. Rf6 Rxe5 40. Bh2 Rf5+ 41. Rxf5 exf5 42. Be5 Re8 43. Bf6 Re4 44. Rxe4 dxe4 45. b4 Nc4 46. Kg3 Kd5 47. Kf4 Ke6 48. Bd4 Nb2 49. Ke3 Nd3 50. Bg7 Kd5 51. Bh6 f4+ 52. Ke2 f3+ 53. Ke3 Ne5 54. Bg7 Ng4+ 55. Kd2 Kc4 56. Bd4 f2 57. Ke2 e3 58. Bg7 Nh2 0-1

[Event "Dutch Open 2022"]
[Site "Dieren"]
[Date "2022.08.02"]
[Round "7.9"]
[White "Zwirs, Jasper"]
[Black "Van Baar, Esper"]
[Result "0-1"]
[ECO "B94"]
[WhiteElo "2105"]
[BlackElo "2281"]
[Annotator "RC"]
[PlyCount "76"]
[EventDate "2022.07.14"]
[EventType "swiss"]
[EventCountry "NED"]
[SourceTitle "playchess.com"]
[Source "ChessBase"]
[SourceQuality "1"]
[TimeControl "40/5400+30:1800+30"]

1. e4 c5 2. Nf3 d6 3. d4 cxd4 4. Nxd4 Nf6 5. Nc3 a6 6. Bg5 Nbd7 7. Bc4 Qb6 8. Bb3 e6 9. a4 Nc5 10. Bxf6 gxf6 11. O-O Nxb3 12. Nxb3 Bd7 13. Qh5 Rc8 14. Kh1 Qb4 15. f4 Rxc3 16. bxc3 Qxe4 17. Nd4 Rg8 18. Rf2 e5 19. h3 Be7 20. fxe5 dxe5 21. Qf3 Qxf3 22. Nxf3 Bc5 23. Rff1 Bc6 24. Kh2 Be3 25. g3 Bb6 26. Nh4 Ke7 27. Nf5+ Ke6 28. Rad1 Bc5 29. a5 Bb5 30. Nd4+ exd4 31. Rde1+ Kd5 32. Rxf6 dxc3 33. Rf5+ Kc4 34. Rxf7 Rd8 35. Re4+ Rd4 36. Rxd4+ Bxd4 37. Rxh7 Ba4 38. Rc7+ Bc5 0-1

[Event "Dutch Open 2022"]
[Site "Dieren"]
[Date "2022.08.02"]
[Round "7.10"]
[White "Op den Dries, Johan"]
[Black "Manukonda Arun"]
[Result "0-1"]
[ECO "D01"]
[WhiteElo "2104"]
[BlackElo "2021"]
[Annotator "RC"]
[PlyCount "126"]
[EventDate "2022.07.14"]
[EventType "swiss"]
[EventCountry "NED"]
[SourceTitle "playchess.com"]
[Source "ChessBase"]
[SourceQuality "1"]
[TimeControl "40/5400+30:1800+30"]

1. d4 Nf6 2. Nc3 d5 3. Bg5 Nbd7 4. Qd2 h6 5. Bf4 c6 6. e3 e6 7. Bd3 Bb4 8. Nge2 O-O 9. a3 Ba5 10. O-O Re8 11. b4 Bb6 12. e4 e5 13. dxe5 Nxe5 14. Ng3 Nxd3 15. Qxd3 dxe4 16. Qxd8 Rxd8 17. Rad1 Bg4 18. Rde1 Nd5 19. Nxd5 cxd5 20. c4 dxc4 21. Nxe4 Bd4 22. Nd6 g5 23. Bg3 f5 24. Nb5 f4 25. Nxd4 fxg3 26. Re4 gxh2+ 27. Kxh2 Bd7 28. f4 Re8 29. Rxe8+ Rxe8 30. fxg5 hxg5 31. Rc1 b5 32. Rc3 Kg7 33. Kg3 Re4 34. Nf3 Kf6 35. Kf2 Bg4 36. Nh2 Bh5 37. Rh3 Bd1 38. Nf1 Re2+ 39. Kg1 Re1 40. Kf2 Re2+ 41. Kg1 Ke5 42. Rg3 Kf6 43. Ne3 Rd2 44. Kf1 Rd3 45. Ke1 Bh5 46. Rh3 Kg6 47. Nf1 Rd1+ 48. Kf2 Ra1 49. Re3 Bg4 50. Rc3 Ra2+ 51. Ke3 Rxg2 52. Kd4 Bd1 53. Ne3 Rd2+ 54. Kc5 Ba4 55. Nd5 Rd3 56. Rc1 Rxa3 57. Nc7 Rf3 58. Kd4 g4 59. Ne6 Rd3+ 60. Kc5 Kf5 61. Nd4+ Ke4 62. Re1+ Re3 63. Rh1 Kd3 0-1

[Event "Dutch Open 2022"]
[Site "Dieren"]
[Date "2022.08.02"]
[Round "7.11"]
[White "Albers, Sasa"]
[Black "Grutter, Tim"]
[Result "0-1"]
[ECO "B44"]
[WhiteElo "2203"]
[BlackElo "2246"]
[Annotator "NA RC"]
[PlyCount "46"]
[EventDate "2022.07.14"]
[EventType "swiss"]
[EventCountry "NED"]
[SourceTitle "playchess.com"]
[Source "ChessBase"]
[SourceQuality "1"]
[TimeControl "40/5400+30:1800+30"]

1. e4 c5 2. Nf3 e6 3. d4 cxd4 4. Nxd4 Nc6 5. Bf4 d6 6. Nxc6 bxc6 7. c4 Rb8 8. Qc2 Ne7 9. Nc3 c5 10. Be3 Nc6 11. Rd1 Qa5 12. Be2 Be7 13. O-O O-O 14. Rd2 Bf6 15. a3 Rxb2 16. Qxb2 Bxc3 17. Qb5 Bxd2 18. Qxc6 Bxe3 19. fxe3 Qxa3 20. Qxd6 Qxe3+ 21. Rf2 Bb7 22. e5 Be4 23. Bh5 g6 0-1

[Event "Dutch Open 2022"]
[Site "Dieren"]
[Date "2022.08.02"]
[Round "7.12"]
[White "Shakhverdian, William"]
[Black "Baselmans, Luuk"]
[Result "0-1"]
[ECO "E20"]
[WhiteElo "2040"]
[BlackElo "2256"]
[Annotator "RC"]
[PlyCount "44"]
[EventDate "2022.07.14"]
[EventType "swiss"]
[EventCountry "NED"]
[SourceTitle "playchess.com"]
[Source "ChessBase"]
[SourceQuality "1"]
[TimeControl "40/5400+30:1800+30"]

1. d4 Nf6 2. c4 e6 3. Nc3 Bb4 4. f3 c5 5. d5 O-O 6. e4 b5 7. a4 bxc4 8. Bxc4 exd5 9. Bxd5 Nxd5 10. Qxd5 Ba6 11. Nge2 Nc6 12. Be3 Bxc3+ 13. bxc3 Rb8 14. Rd1 Qh4+ 15. Ng3 Qf6 16. Qxc5 Rb2 17. Rd6 Qd8 18. Rd2 Qb8 19. Nh5 Rxd2 20. Bxd2 Ne5 21. Qd4 Nd3+ 22. Kd1 Qb3+ 0-1

[Event "Dutch Open 2022"]
[Site "Dieren"]
[Date "2022.08.02"]
[Round "7.13"]
[White "Pijkeren, Jan"]
[Black "Binnendijk, Ferdinand"]
[Result "1-0"]
[ECO "A29"]
[WhiteElo "2196"]
[BlackElo "2147"]
[Annotator "RC"]
[PlyCount "43"]
[EventDate "2022.07.14"]
[EventType "swiss"]
[EventCountry "NED"]
[SourceTitle "playchess.com"]
[Source "ChessBase"]
[SourceQuality "1"]
[TimeControl "40/5400+30:1800+30"]

1. c4 e5 2. Nc3 Nf6 3. g3 Bc5 4. Bg2 O-O 5. Nf3 Nc6 6. O-O a5 7. Nxe5 Nxe5 8. d4 Nxc4 9. dxc5 Qe7 10. Qd4 d5 11. Bg5 c6 12. e4 Qe5 13. Qxe5 Nxe5 14. Bxf6 gxf6 15. exd5 Ra6 16. dxc6 bxc6 17. Rad1 Kg7 18. b3 Bg4 19. Rd6 Bf3 20. Ne4 Rb8 21. Nxf6 Rb5 22. Ne8+ 1-0

[Event "Dutch Open 2022"]
[Site "Dieren"]
[Date "2022.08.02"]
[Round "7.14"]
[White "Labruyere, Roger"]
[Black "Vos, Tjark"]
[Result "1/2-1/2"]
[ECO "B52"]
[WhiteElo "2070"]
[BlackElo "2224"]
[Annotator "RC"]
[PlyCount "120"]
[EventDate "2022.07.14"]
[EventType "swiss"]
[EventCountry "NED"]
[SourceTitle "playchess.com"]
[Source "ChessBase"]
[SourceQuality "1"]
[TimeControl "40/5400+30:1800+30"]

1. e4 c5 2. Nf3 d6 3. Bb5+ Bd7 4. Bxd7+ Qxd7 5. c4 g6 6. Nc3 Bg7 7. d4 cxd4 8. Nxd4 Nf6 9. f3 O-O 10. Be3 Nc6 11. Rc1 Rfc8 12. b3 Rab8 13. O-O a6 14. a4 Nxd4 15. Bxd4 Qd8 16. f4 Nd7 17. Bxg7 Kxg7 18. Kh1 Kg8 19. Rf3 Nf6 20. Rd3 Qa5 21. Qe2 Qh5 22. Qxh5 Nxh5 23. Nd5 Kf8 24. g4 Ng7 25. Nb6 Rc7 26. e5 Ne6 27. exd6 exd6 28. Rxd6 Nxf4 29. Rf1 g5 30. h4 Re8 31. hxg5 Ne6 32. Nd5 Rc6 33. Rd7 Nxg5 34. Nf6 Ree6 35. Nxh7+ Ke8 36. Nxg5 Rh6+ 37. Kg2 Kxd7 38. Rxf7+ Kc8 39. Ne4 Rb6 40. Rf3 Kd7 41. Kg3 Rh1 42. g5 Ke7 43. Nc3 Rg6 44. Kf4 Kf7 45. Ne4 Kg7 46. Rd3 Re6 47. Ng3 Rh4+ 48. Kf5 Re7 49. g6 Rh2 50. Rd6 Rf2+ 51. Kg4 Re5 52. Rb6 Kh6 53. g7+ Kxg7 54. Rxb7+ Kf8 55. b4 Re3 56. Nf5 Re4+ 57. Kg5 Re5 58. Rb8+ Kf7 59. Rb7+ Ke8 60. Rb8+ Kf7 1/2-1/2

[Event "Dutch Open 2022"]
[Site "Dieren"]
[Date "2022.08.02"]
[Round "7.15"]
[White "De Boer, Bas"]
[Black "Vogel, Jaap"]
[Result "1/2-1/2"]
[ECO "E11"]
[WhiteElo "2136"]
[BlackElo "2147"]
[Annotator "NA RC"]
[PlyCount "74"]
[EventDate "2022.07.14"]
[EventType "swiss"]
[EventCountry "NED"]
[SourceTitle "playchess.com"]
[Source "ChessBase"]
[SourceQuality "1"]
[TimeControl "40/5400+30:1800+30"]

1. d4 e6 2. c4 d5 3. Nf3 c6 4. g3 Bb4+ 5. Bd2 Be7 6. Qc2 Nf6 7. Bg2 Nbd7 8. O-O b6 9. Nc3 Ba6 10. cxd5 cxd5 11. Bf4 O-O 12. Qa4 Qc8 13. Rfc1 Qb7 14. e4 Rac8 15. Ne5 b5 16. Qd1 b4 17. exd5 exd5 18. Na4 Rxc1 19. Rxc1 Rc8 20. Nxd7 Qxd7 21. Nc5 Qb5 22. Bg5 Bxc5 23. dxc5 Rxc5 24. Rxc5 Qxc5 25. Bxf6 gxf6 26. Bxd5 Kf8 27. Be4 h6 28. h4 Bc8 29. Qd2 Kg7 30. Qc2 Qe7 31. Qe2 Qd6 32. Kg2 Be6 33. b3 Bd5 34. Qg4+ Kf8 35. Qc8+ Kg7 36. Qg4+ Kf8 37. Qc8+ Kg7 1/2-1/2

[Event "Dutch Open 2022"]
[Site "Dieren"]
[Date "2022.08.02"]
[Round "7.16"]
[White "Kohler, Aran"]
[Black "Saketh, Pedagandham"]
[Result "1/2-1/2"]
[ECO "A47"]
[WhiteElo "2121"]
[BlackElo "1928"]
[Annotator "NA RC"]
[PlyCount "89"]
[EventDate "2022.07.14"]
[EventType "swiss"]
[EventCountry "NED"]
[SourceTitle "playchess.com"]
[Source "ChessBase"]
[SourceQuality "1"]
[TimeControl "40/5400+30:1800+30"]

1. d4 Nf6 2. Bg5 e6 3. e3 c5 4. c3 b6 5. Nd2 Bb7 6. Ngf3 Be7 7. Bd3 d6 8. h4 Nbd7 9. Qe2 cxd4 10. exd4 h6 11. Bxf6 Bxf6 12. Be4 d5 13. Bd3 a6 14. O-O-O b5 15. Kb1 Nb6 16. g4 Nc4 17. g5 Be7 18. g6 O-O 19. gxf7+ Kxf7 20. Nb3 Qb6 21. Rhg1 b4 22. cxb4 Bxb4 23. Bxc4 dxc4 24. Ne5+ Kg8 25. Nxc4 Qc6 26. Rg4 h5 27. d5 Qe8 28. Re4 Bxd5 29. Rxd5 exd5 30. Rxe8 Raxe8 31. Ne3 Be7 32. Qxh5 Bf6 33. Qxd5+ Kh8 34. Nc5 Re5 35. Qd6 Rd8 36. Nd7 Re7 37. Qxa6 Rexd7 38. a4 Rd2 39. Nc4 Rxf2 40. Qb6 Rd4 41. Qc5 Rff4 42. Qh5+ Kg8 43. Qe8+ Kh7 44. Qh5+ Kg8 45. Qe8+ 1/2-1/2

[Event "Dutch Open 2022"]
[Site "Dieren"]
[Date "2022.08.03"]
[Round "8.1"]
[White "Lahaye, Rick"]
[Black "Domalchuk-Jonasson, Aleksandr"]
[Result "1/2-1/2"]
[ECO "C00"]
[WhiteElo "2417"]
[BlackElo "2244"]
[Annotator "TA"]
[PlyCount "80"]
[EventDate "2022.07.14"]
[EventType "swiss"]
[EventCountry "NED"]
[SourceTitle "playchess.com"]
[Source "ChessBase"]
[SourceQuality "1"]
[TimeControl "40/5400+30:1800+30"]

1. g3 d5 2. Bg2 Nf6 3. d3 c5 4. Nf3 Nc6 5. O-O e6 6. Nbd2 Be7 7. e4 b6 8. Re1 Bb7 9. c3 Qc7 10. a3 dxe4 11. dxe4 O-O {[%emt 0:00:22] C00: French: Unusual White 2nd moves.} 12. Nc4 Rfd8 13. Qb3 h6 {[%emt 0:01:01] [#]} 14. Bf4 $146 ({Predecessor:} 14. a4 Ba6 15. Bf4 Bxc4 16. Qxc4 e5 17. Be3 Na5 18. Qe2 Ng4 19. c4 Qd7 20. Bh3 {1-0 (60) Roshka,Y (2497)-Domalchuk Jonasson,A (2244) Ceske Budejovice 2022}) 14... Qd7 15. Rad1 Qe8 16. Nfd2 (16. Bd6 {is more complex.} Nxe4 17. Rxe4 Na5 18. Nxa5 Bxe4 19. Bxe7 Qxe7 20. Nc4) 16... Qf8 17. h3 g5 18. Be3 Qg7 19. a4 Rab8 20. Nf1 Ba6 21. Bc1 Kh8 (21... Nd7 $15) 22. Nfe3 (22. e5 $5 Nd5 23. Nfe3 $14) 22... Nd7 {[%emt 0:01:46] Inhibits e5.} 23. Ng4 (23. Bf1 $11) 23... Nde5 (23... h5 $15 24. Nge3 Nde5) 24. Ncxe5 $11 Nxe5 25. Nxe5 Qxe5 26. Qc2 Bb7 27. h4 Kg8 ({But not} 27... gxh4 28. Bf4 Qh5 29. Bxb8 Rxb8 30. Rd7 hxg3 31. Rxe7 $16) 28. Qe2 Qg7 29. hxg5 hxg5 30. Qb5 Qf8 31. e5 Bxg2 {[%emt 0:02:05] The position is equal.} 32. Kxg2 Rxd1 33. Rxd1 Rd8 34. Rd7 Rxd7 35. Qxd7 {[%emt 0:00:00][%mdl 4096] Endgame KQB-KQB} Qa8+ 36. Kg1 Kf8 37. Be3 Qe4 38. Qxa7 Qb1+ 39. Kh2 Qh7+ (39... Qxb2 $2 40. Qb8+ Kg7 41. a5 $18) 40. Kg2 {[%emt 0:00:00] [#] Strongly threatening Qa8+.} Qe4+ {[%emt 0:00:00] Weighted Error Value: White=0.13 (very precise) /Black=0.15 (very precise)} 1/2-1/2

[Event "Dutch Open 2022"]
[Site "Dieren"]
[Date "2022.08.03"]
[Round "8.2"]
[White "Balaji Sekar"]
[Black "Van Roon, Sjoerd"]
[Result "1-0"]
[ECO "B45"]
[WhiteElo "1189"]
[BlackElo "2310"]
[Annotator "TA"]
[PlyCount "107"]
[EventDate "2022.07.14"]
[EventType "swiss"]
[EventCountry "NED"]
[SourceTitle "playchess.com"]
[Source "ChessBase"]
[SourceQuality "1"]
[TimeControl "40/5400+30:1800+30"]

1. e4 c5 2. Nf3 e6 3. d4 cxd4 4. Nxd4 Nf6 5. Nc3 Nc6 6. a3 d5 (6... Be7 {seems wilder.} 7. Be2 d5 8. exd5 Nxd5 9. Nxd5 Qxd5 10. Be3 O-O) 7. exd5 {[%emt 0:00:35] B45: Sicilian Four Knights.} (7. Bb5 {feels hotter.} Bd7 8. exd5 exd5 9. O-O) 7... Nxd5 (7... exd5 {is interesting.} 8. Bb5 Bd7 9. O-O Be7) 8. Nxd5 (8. Qd3 {with more complications.} Nxd4 9. Qxd4 Nxc3 10. Qxc3 Bd7 11. Bd3) 8... Qxd5 9. Nxc6 {[%emt 0:00:11] The position is equal.} Qxd1+ 10. Kxd1 bxc6 11. Be3 {[%emt 0:00:11] [#]} c5 $146 ({Predecessor:} 11... Bb7 12. Bd3 O-O-O 13. f3 c5 14. Ke2 Bd6 15. Rad1 Kc7 16. g3 h5 17. Rd2 a6 {0-1 (72) Jahn,F (1766)-Vuckovic,Z (2098) Walldorf 2017}) 12. Bb5+ Bd7 13. Bxd7+ Kxd7 14. Kd2 a5 15. a4 Bd6 16. c3 f5 {[%emt 0:04:17] Strongly threatening ...f4.} 17. Kd3 Rab8 18. Rab1 Kc6 19. Kc4 Rb7 20. Rhd1 g5 21. Rd3 f4 {[%emt 0:05:44] [#]} 22. Rbd1 $1 Be7 (22... Bb8 23. Bc1) 23. Bc1 {[%emt 0:00:02] Hoping for Re1.} Re8 24. Rh3 Bd6 25. Rh5 Rg7 26. Kd3 Rf8 27. Rh6 Re7 28. Ke4 (28. Re1 $16) 28... Kd7 $2 (28... Rf5 $1 $11 {and Black stays safe.}) 29. Kf3 (29. g4 $18) 29... Rg7 (29... Kc6 $142) 30. h3 Rf5 $2 (30... Ke7 $16 {was called for.}) 31. c4 $1 $18 Ke7 32. Bd2 Rf6 33. Bc3 Rxh6 34. Bxg7 {[%emt 0:00:02][%mdl 4096] Endgame KRB-KRB} Rg6 {[%emt 0:00:06] [#]} 35. Bf8+ Kxf8 36. Rxd6 {[%emt 0:00:04] Threatens to win with Rc6. KR-KR} Rg7 37. Rb6 {[%emt 0:03:12] Inhibits Rb7.} (37. Rxe6 Rb7 $16) 37... Rd7 {[%emt 0:04:38] [#]} 38. Rb5 $1 (38. Rxe6 Rb7 39. Rc6 Rb3+ 40. Ke4 Rxb2 $16) 38... Rd2 39. Rxc5 (39. Rxa5 Rxb2 40. Rxc5 h6 $16) 39... h6 40. Rxa5 Rxb2 41. h4 gxh4 42. Rh5 (42. Kxf4 $6 Rxf2+ 43. Kg4 Rxg2+ 44. Kxh4 Ke7 $11) 42... Rb4 (42... Ke7 $16 {might work better.} 43. Rxh4 (43. Rxh6 Ra2 $16) 43... Ra2) 43. Rxh6 e5 44. Re6 h3 $2 (44... Rxa4 {was worth a try.} 45. Rxe5 (45. c5 Ra3+ 46. Ke4 Ra2 $11) 45... Rxc4) 45. gxh3 Rxc4 46. a5 ({Less strong is} 46. Rxe5 Rxa4 47. h4 Kg7 $16) 46... Rc5 $2 (46... Rc3+ 47. Kg4 Rc2 48. Rxe5 Rxf2) 47. a6 Kf7 48. Rb6 ({Not} 48. a7 Ra5 49. Rxe5 Rxa7 50. Kxf4 Kg6 51. Rg5+ Kf7 $16) 48... Rc2 49. h4 e4+ 50. Kxf4 Rxf2+ 51. Kxe4 {[%emt 0:00:04] White mates.} Rh2 52. Kd5 Rxh4 53. Kc6 Ke6 54. a7 {[%emt 0:00:11] Weighted Error Value: White=0.13 (very precise) /Black=0.44} 1-0

[Event "Dutch Open 2022"]
[Site "Dieren"]
[Date "2022.08.03"]
[Round "8.3"]
[White "Burdalev, Kirill"]
[Black "De Winter, Arthur"]
[Result "0-1"]
[ECO "E90"]
[WhiteElo "2381"]
[BlackElo "2150"]
[Annotator "TA"]
[PlyCount "136"]
[EventDate "2022.07.14"]
[EventType "swiss"]
[EventCountry "NED"]
[SourceTitle "playchess.com"]
[Source "ChessBase"]
[SourceQuality "1"]
[TimeControl "40/5400+30:1800+30"]

1. d4 Nf6 2. c4 g6 3. Nc3 Bg7 4. e4 d6 5. Nf3 O-O 6. Be3 e5 7. dxe5 dxe5 8. Qxd8 Rxd8 9. Nd5 Nxd5 10. cxd5 c6 11. Bc4 b5 12. Bb3 Bb7 {[%emt 0:02:54][%cal Rc6d5] E90: King's Indian: Classical: Early deviations and 6 h3.} 13. Rc1 a5 14. Ng5 {[%emt 0:07:52][%cal Og5f7] Nxf7! is the strong threat.} Rd7 {[%emt 0:00:24] White is slightly better.} 15. O-O (15. a4 $1 $14) 15... a4 $1 $11 16. dxc6 Nxc6 17. Bd5 Na5 {[%emt 0:00:07] [#]} 18. Bxf7+ $146 ({Predecessor:} 18. Rc5 Bxd5 19. exd5 Rb8 20. h4 Bf6 21. Rd1 Be7 22. Rcc1 Nc4 23. b3 axb3 24. axb3 {½-½ (51) Jefferson,Z (2017)-Taylor,S (2354) ICCF email 2010}) 18... Rxf7 19. Nxf7 Kxf7 20. Rc7+ Kg8 21. Rd1 Bxe4 22. Rdd7 Bf8 23. Rxh7 Ra6 ({Black should play} 23... Nc4 $15 24. Bg5 Ra6) 24. Bg5 (24. Bc5 $11 Bxc5 25. Rhg7+ Kh8 26. Rh7+ Kg8 27. Rhg7+ Kh8 28. Rh7+ Kg8) 24... Nc4 $17 25. Rh4 Bd5 26. Rc8 (26. Be7 $142 Bxe7 27. Rxe7) 26... Ra8 ({But not} 26... Nxb2 27. Bh6 Rf6 28. Rb4 $16) 27. Rxa8 Bxa8 28. Bc1 (28. b3 $17 axb3 29. axb3) 28... Bd5 $19 29. Rh3 e4 {[%emt 0:03:01] Against Rd3} 30. b3 (30. Rg3 $142 Kf7 31. Rg5) 30... Ne5 {[%emt 0:02:20] Strongly threatening ...Nd3.} 31. Rg3 Bf7 32. Rc3 Nd3 {[%emt 0:03:05] Threatens to win with ...b4.} 33. Be3 Be6 {[%emt 0:01:17] Hoping for ...axb3.} 34. Rc6 {[%emt 0:00:20] [#]} Kf7 ({Black should try} 34... axb3 $1 $17 35. axb3 Bxb3 36. Rxg6+ Kf7) 35. Rc7+ $11 Ke8 36. Rb7 axb3 37. axb3 b4 38. Rb8+ Kf7 (38... Ke7 $5 39. Bg5+ Kf7 40. Rb7+ Ke8 41. Rb8+ Kf7 42. Rb7+ Kg8 $17) 39. Rb7+ Kg8 40. Rb8 {[%emt 0:00:12] Black must now prevent Bh6.} Kg7 {[%emt 0:01:38] Prevents Bh6+.} (40... Bxb3 $2 41. Bh6 $18) 41. Rb7+ $1 Bf7 ({Much worse is} 41... Kg8 $6 42. Rb8 Kf7 43. Rb7+ Kg8 $15) 42. h4 Bd6 (42... Kf6 $15 {is superior.} 43. Bg5+ Ke6) 43. g4 (43. Rd7 $11 {remains equal.} Bc5 44. Bxc5 Nxc5 45. Rc7) 43... Kf8 $17 {[%emt 0:00:00] White is on the road to losing.} 44. Rb6 Be5 45. Bd2 Bd4 {[%emt 0:00:00] This bishop pair is nice.} ({Don't play} 45... Bxb3 $6 46. Bxb4+ Nxb4 47. Rxb4 $11) 46. Bxb4+ Kg7 {[%emt 0:00:00] Black is more active.} 47. Rb7 Bxf2+ 48. Kf1 Bxh4 49. Bc3+ (49. Ba3 $17) 49... Kf8 $19 50. Rb8+ (50. b4 $142) 50... Ke7 51. Rb7+ Ke6 52. b4 Be8 53. Bd4 Kd5 54. Be3 Kc4 {[%emt 0:00:11] Prevents b5.} 55. Bd2 Ne5 {[%emt 0:01:06] And now ...Kd3 would win.} 56. g5 Bd7 {[%emt 0:08:52] aiming for ...Kd3.} 57. Bf4 Bh3+ 58. Ke2 Nd3 59. Bd2 (59. Rc7+ Kb5 60. Rb7+ Ka6 61. Rf7) 59... Bg4+ 60. Kf1 Bg3 61. b5 Nc5 62. Rb6 Nb3 63. Be3 Kd3 64. Rc6 $2 {[%emt 0:00:24] [#]} (64. Kg2 $19 Be5 65. Bg1) 64... Kxe3 {[%emt 0:01:07] Black mates.} 65. Rc3+ Kf4 66. Rxb3 e3 67. Rb4+ Kf3 68. Rb3 Bf2 {[%emt 0:00:03] Weighted Error Value: White=0.32/Black=0.18 (very precise)} 0-1

[Event "Dutch Open 2022"]
[Site "Dieren"]
[Date "2022.08.03"]
[Round "8.4"]
[White "Grutter, Tim"]
[Black "Gilmanov, Mansur"]
[Result "1/2-1/2"]
[ECO "B01"]
[WhiteElo "2246"]
[BlackElo "2377"]
[Annotator "TA"]
[PlyCount "55"]
[EventDate "2022.07.14"]
[EventType "swiss"]
[EventCountry "NED"]
[SourceTitle "playchess.com"]
[Source "ChessBase"]
[SourceQuality "1"]
[TimeControl "40/5400+30:1800+30"]

1. e4 d5 2. exd5 Qxd5 3. Nc3 Qa5 4. d4 Nf6 5. Nf3 c6 6. g3 {[%emt 0:06:17] B01: Scandinavian Defence.} g6 7. Bg2 Bg7 8. O-O {[%emt 0:00:29] White is slightly better.} O-O {[%emt 0:03:56] [#]} 9. Qe2 $146 ({Predecessor:} 9. Bd2 Qc7 10. a3 a6 {½-½ (10) Carnic,D (2117)-Djukic,M (1979) Belgrade 2010}) 9... Re8 10. Ne5 Be6 11. Rd1 Nbd7 12. Nxd7 Bxd7 13. d5 Bg4 14. Bf3 Bxf3 (14... h5 {seems wilder.} 15. Bxg4 hxg4 16. dxc6 bxc6 17. Be3 Qf5) 15. Qxf3 Nxd5 (15... Rad8 {feels hotter.} 16. dxc6 Rxd1+ 17. Nxd1 bxc6 18. Ne3 Nd5) 16. Nxd5 {[%emt 0:00:28] The position is equal.} cxd5 17. Qxd5 Qxd5 18. Rxd5 Rad8 19. Rxd8 Rxd8 $11 {[%emt 0:00:04][%mdl 4096] Endgame KRB-KRB} 20. Be3 a6 21. c3 f5 22. f4 Kf7 23. Kf2 e5 24. fxe5 Bxe5 25. Rc1 h5 26. c4 h4 27. c5 Rd3 28. Ke2 {[%emt 0:05:37] Weighted Error Value: White=0.08 (flawless) /Black=0.05 (flawless)} 1/2-1/2